Workbook

Sheet ppto de obras
A1: AMPLIACION SISTEMA DE ALCANTARILLADO EN EL BARRIO 7 DE MAYO DEL MUNICIPIO DE FONSECA, LA GUAJIRA
A2: PRESUPUESTO DE OBRA
A3: 1 | B3: OBRAS E INSTALACIONES | C3: UNDIDAD | D3: CANTIDAD | E3: VR UNITARIO | F3: VR. TOTAL
A4: 1.1 | B4: ACTIVIDADES PRELIMINARES
A5: 1.1 | B5: Localización y Replanteo topográfico | C5: ML | D5: =+'cartera y cantidades'!C132 -> 1102.7 | E5: =+apus!G41 -> 7140 | F5: =+D5*E5 -> 7873278
B6: SUBTOTAL PRELIMINARES | F6: =+F5 -> 7873278
A7: 1.2 | B7: MOVIMIENTOS DE TIERRA
A8: 1.2.1 | B8: Excavación a màquina en material heterogéneo seco a cualquier profundidad. | C8: M3 | D8: =+'cartera y cantidades'!C133 -> 1205.5747 | E8: =+apus!G84 -> 63437 | F8: =+D8*E8 -> 76478040
A9: 1.2.2 | B9: Entibado temporal en tablón de madera para excavaciones bajo cualquier altura y grado de humedad. Incluye suministro, transporte y colocación de elementos en madera. | C9: M2 | D9: =+'cartera y cantidades'!C138 -> 425.4198 | E9: =+apus!G130 -> 46554 | F9: =+D9*E9 -> 19804993
A10: 1.2.3 | B10: Relleno con Arena Gruesa para colchon de tuberia | C10: M3 | D10: =+'cartera y cantidades'!C137 -> 79.216 | E10: =+apus!G175 -> 175975 | F10: =+D10*E10 -> 13940036
A11: 1.2.4 | B11: Llenos en material proveniente de la excavación, compactados mecánicamente hasta obtener una densidad igual o mayor del 90% de la densidad obtenida en el ensayo del próctor Modificado. | C11: M3 | D11: =+'cartera y cantidades'!C134 -> 944.14373 | E11: =+apus!G222 -> 84936 | F11: =+D11*E11 -> 80191792
A12: 1.2.5 | B12: Llenos en material proveniente de cantera, compactados mecánicamente hasta obtener una densidad igual o mayor del 90% de la densidad obtenida en el ensayo del próctor Modificado. | C12: M3 | D12: =+'cartera y cantidades'!C135 -> 236.03593 | E12: =+apus!G267 -> 206918 | F12: =+D12*E12 -> 48840083
A13: 1.2.6 | B13: Cargue manual, retiro y disposición final de material sobrante a cualquier distancia, medido en sitio. | C13: M3 | D13: =+'cartera y cantidades'!C136 -> 261.43093 | E13: =+apus!G311 -> 55625 | F13: =+D13*E13 -> 14542096
B14: SUBTOTAL MOVIMIENTO DE TIERRAS | F14: =SUM(F8:F13) -> 2.5379704e+08
A15: 1.3 | B15: SUMINISTRO E INSTALACION DE TUBERIAS Y ACCESORIOS
A16: 1.3.1 | B16: Suministro e Instalaciòn de Tuberìa perfilada 8" | C16: ml | D16: =+'cartera y cantidades'!C126 -> 652.7 | E16: =+apus!G355 -> 110485 | F16: =+D16*E16 -> 72113560
A17: 1.3.2 | B17: Suministro e Instalación de Tuberìa perfilada 6" | C17: ml | D17: =+'cartera y cantidades'!D126 -> 450 | E17: =+apus!G402 -> 93884 | F17: =+D17*E17 -> 42247800
A18: 1.3.3 | B18: Suministro e Instalaciòn de Kit silla Yee de 8 a 6" | C18: un | D18: =+'cartera y cantidades'!D128 -> 75 | E18: =+apus!G448 -> 251360 | F18: =+D18*E18 -> 18852000
B19: SUBTOTAL INSTALACION TUBERIAS Y ACCESORIOS | F19: =SUM(F15:F18) -> 1.3321336e+08
A20: 1.4 | B20: POZOS DE INSPECCION y CAJAS REGISTROS EN CONCRETO
A21: 1.4.1 | B21: Construcción pozo de inspecciòn sanitario de h= 0 a 2.5 ml diametro 1,5 ml en concreto de 21 Mpa. Incluye tapa, herrajes, acero de refuerzo. | C21: un | D21: =+'cartera y cantidades'!C127 -> 7 | E21: =+apus!G494 -> 4481360 | F21: =+D21*E21 -> 31369520
A22: 1.4.2 | B22: Construcción de caja de empalme para domiciliaria a la red en anden o zona verde de 0.50 m ancho libre int. profundidad de 0.80 a 1.20 m e= 0.10 m incluye tapa en concreto de 0.60 x 0.60 m. | C22: un | D22: =+'cartera y cantidades'!D129 -> 75 | E22: =+apus!G539 -> 827042 | F22: =+D22*E22 -> 62028150
A23: 1.4.3 | B23: Perforación de cámara de inspección existente, abocada para nueva tubería Ø menor de 400 mm y resane. | C23: UN | D23: 4 | E23: =+apus!G582 -> 372708.5 | F23: =+D23*E23 -> 1490834
B24: SUBTOTAL POZOS DE INSPECCION Y CAJA REGISTROS | F24: =SUM(F21:F23) -> 94888504
B25: SUBTOTAL OBRAS E INSTALACIONES | F25: =F6+F14+F19+F24 -> 4.8977218e+08
B26: ADMINISTRACION | E26: 0.24
B27: IMPREVISTOS | E27: 0.01
B28: UTILIDAD | E28: 0.05
B29: VALOR TOTAL PROYECTO | F29: =ROUND(F25,0) -> 489772182

Sheet cartera y cantidades
A1: CARTERA DE ALCANTARILLADO
A2: MUNICIPIO DE FONSECAA DEPARTAMENTO DE LA GUAJIRA
A3: BARRIO 7 DE MAYO
A4: CONTRATISTA ING
A5: SEPTIEMBRE DE 2026 TOP. BELQUIS PERALTA. LIC. N° 01-19575
A6: TRMO 1 | B6: TRAMO CALLE 30 ENTRE CARRERA 15 Y 15A P=0.4% D=8" | H6: 12 DOMCLRIAS | I6: ACOMETIDAS
A7: N° POZO | B7: ABSCISADO | C7: Cota Terreno | D7: Cota Clave | E7: Cota Batea | F7: COLCHON | G7: CORTE | H7: VOLUMEN | I7: CORTE PROMEDIO | J7: VOLUMEN PROMEDIO | K7: entibado
A8: 702 | B8: 0 | C8: 175.72 | E8: 173.96 | F8: 0.1 | G8: =(C8-E8)+F8 -> 1.86 | I8: =+AVERAGE(G8:G16) -> 2.0494 | J8: =+(I8+0.8)/2*0.6*6*12 -> 61.54704 | K8: =+(B16-B11)*2*AVERAGE(G10:G16) -> 174.0598
B9: 10 | C9: 175.6 | E9: =E8-(B9-B8)*0.4/100 -> 173.92 | F9: 0.1 | G9: =(C9-E9)+F9 -> 1.78 | H9: =+(B9-B8)*(G9+G8)/2*0.8 -> 14.56
B10: 20 | C10: 175.68 | E10: =E9-(B10-B9)*0.4/100 -> 173.88 | F10: 0.1 | G10: =(C10-E10)+F10 -> 1.9 | H10: =+(B10-B9)*(G10+G9)/2*0.8 -> 14.72
B11: 30 | C11: 175.74 | E11: =E10-(B11-B10)*0.4/100 -> 173.84 | F11: 0.1 | G11: =(C11-E11)+F11 -> 2 | H11: =+(B11-B10)*(G11+G10)/2*0.8 -> 15.6
B12: 40 | C12: 175.74 | E12: =E11-(B12-B11)*0.4/100 -> 173.8 | F12: 0.1 | G12: =(C12-E12)+F12 -> 2.04 | H12: =+(B12-B11)*(G12+G11)/2*0.8 -> 16.16
B13: 50 | C13: 175.74 | E13: =E12-(B13-B12)*0.4/100 -> 173.76 | F13: 0.1 | G13: =(C13-E13)+F13 -> 2.08 | H13: =+(B13-B12)*(G13+G12)/2*0.8 -> 16.48
B14: 60 | C14: 175.84 | E14: =E13-(B14-B13)*0.4/100 -> 173.72 | F14: 0.1 | G14: =(C14-E14)+F14 -> 2.22 | H14: =+(B14-B13)*(G14+G13)/2*0.8 -> 17.2
B15: 70 | C15: 175.72 | E15: =E14-(B15-B14)*0.4/100 -> 173.68 | F15: 0.1 | G15: =(C15-E15)+F15 -> 2.14 | H15: =+(B15-B14)*(G15+G14)/2*0.8 -> 17.44
A16: 1 | B16: 71.15 | C16: 176 | E16: =E15-(B16-B15)*0.4/100 -> 173.6754 | F16: 0.1 | G16: =(C16-E16)+F16 -> 2.4246 | H16: =+(B16-B15)*(G16+G15)/2*0.8 -> 2.099716
G17: V, EXCV | H17: =SUM(H9:H16) -> 114.25972 | I17: =+J8 -> 61.54704
G18: V. RELLENO | H18: =+H17-2.46 -> 111.79972 | I18: =+I17-0.109*12 -> 60.23904
A19: TRMO 2 | B19: TRAMO CALLE 29 ENTRE CARRERAS 15A Y 16 P=0.36% D=8" | H19: 5 DOMCLRIAS | I19: ACOMETIDAS
A20: N° POZO | B20: ABSCISADO | C20: Cota Terreno | D20: Cota Clave | E20: Cota Batea | F20: COLCHON | G20: CORTE | H20: VOLUMEN | I20: CORTE PROMEDIO | J20: VOLUMEN PROMEDIO
A21: 2 | B21: 0 | C21: 175.75 | E21: 174.24 | F21: 0.1 | G21: =(C21-E21)+F21 -> 1.61 | I21: =+AVERAGE(G21:G28) -> 1.402203 | J21: =+(I21+0.8)/2*0.6*6*5 -> 19.819827
B22: 10 | C22: 175.57 | E22: =E21+(B22-B21)*0.36/100 -> 174.276 | F22: 0.1 | G22: =(C22-E22)+F22 -> 1.394 | H22: =+(B22-B21)*(G22+G21)/2*0.8 -> 12.016
B23: 20 | C23: 175.63 | E23: =E22+(B23-B22)*0.36/100 -> 174.312 | F23: 0.1 | G23: =(C23-E23)+F23 -> 1.418 | H23: =+(B23-B22)*(G23+G22)/2*0.8 -> 11.248
B24: 30 | C24: 175.64 | E24: =E23+(B24-B23)*0.36/100 -> 174.348 | F24: 0.1 | G24: =(C24-E24)+F24 -> 1.392 | H24: =+(B24-B23)*(G24+G23)/2*0.8 -> 11.24
B25: 40 | C25: 175.58 | E25: =E24+(B25-B24)*0.36/100 -> 174.384 | F25: 0.1 | G25: =(C25-E25)+F25 -> 1.296 | H25: =+(B25-B24)*(G25+G24)/2*0.8 -> 10.752
B26: 50 | C26: 175.61 | E26: =E25+(B26-B25)*0.36/100 -> 174.42 | F26: 0.1 | G26: =(C26-E26)+F26 -> 1.29 | H26: =+(B26-B25)*(G26+G25)/2*0.8 -> 10.344
B27: 60 | C27: 175.75 | E27: =E26+(B27-B26)*0.36/100 -> 174.456 | F27: 0.1 | G27: =(C27-E27)+F27 -> 1.394 | H27: =+(B27-B26)*(G27+G26)/2*0.8 -> 10.736
A28: 3 | B28: 65.66 | C28: 175.8 | E28: =E27+(B28-B27)*0.36/100 -> 174.47638 | F28: 0.1 | G28: =(C28-E28)+F28 -> 1.423624 | H28: =+(B28-B27)*(G28+G27)/2*0.8 -> 6.3791007
G29: V, EXCV | H29: =SUM(H22:H28) -> 72.715101 | I29: =+J21 -> 19.819827
G30: V. RELLENO | H30: =+H29-2.46 -> 70.255101 | I30: =+I29-0.109*5 -> 19.274827
A31: TRMO 3 | B31: TRAMO CALLE 29 ENTRE CARRERAS 15 Y 15A P=0.36% D=8" | H31: 16 DOMCLRIAS | I31: ACOMETIDAS
A32: N° POZO | B32: ABSCISADO | C32: Cota Terreno | D32: Cota Clave | E32: Cota Batea | F32: COLCHON | G32: CORTE | H32: VOLUMEN | I32: CORTE PROMEDIO | J32: VOLUMEN PROMEDIO
A33: 706 | B33: 0 | C33: 175.54 | E33: 173.86 | F33: 0.1 | G33: =(C33-E33)+F33 -> 1.78 | I33: =+AVERAGE(G33:G44) -> 1.6346423 | J33: =+(I33+0.8)/2*0.6*6*16 -> 70.117699
B34: 10 | C34: 175.25 | E34: =E33+(B34-B33)*0.36/100 -> 173.896 | F34: 0.1 | G34: =(C34-E34)+F34 -> 1.454 | H34: =+(B34-B33)*(G34+G33)/2*0.8 -> 12.936
B35: 20 | C35: 175.27 | E35: =E34+(B35-B34)*0.36/100 -> 173.932 | F35: 0.1 | G35: =(C35-E35)+F35 -> 1.438 | H35: =+(B35-B34)*(G35+G34)/2*0.8 -> 11.568
B36: 30 | C36: 175.54 | E36: =E35+(B36-B35)*0.36/100 -> 173.968 | F36: 0.1 | G36: =(C36-E36)+F36 -> 1.672 | H36: =+(B36-B35)*(G36+G35)/2*0.8 -> 12.44
B37: 40 | C37: 175.62 | E37: =E36+(B37-B36)*0.36/100 -> 174.004 | F37: 0.1 | G37: =(C37-E37)+F37 -> 1.716 | H37: =+(B37-B36)*(G37+G36)/2*0.8 -> 13.552
B38: 50 | C38: 175.64 | E38: =E37+(B38-B37)*0.36/100 -> 174.04 | F38: 0.1 | G38: =(C38-E38)+F38 -> 1.7 | H38: =+(B38-B37)*(G38+G37)/2*0.8 -> 13.664
B39: 60 | C39: 175.54 | E39: =E38+(B39-B38)*0.36/100 -> 174.076 | F39: 0.1 | G39: =(C39-E39)+F39 -> 1.564 | H39: =+(B39-B38)*(G39+G38)/2*0.8 -> 13.056
B40: 70 | C40: 175.76 | E40: =E39+(B40-B39)*0.36/100 -> 174.112 | F40: 0.1 | G40: =(C40-E40)+F40 -> 1.748 | H40: =+(B40-B39)*(G40+G39)/2*0.8 -> 13.248
B41: 80 | C41: 175.74 | E41: =E40+(B41-B40)*0.36/100 -> 174.148 | F41: 0.1 | G41: =(C41-E41)+F41 -> 1.692 | H41: =+(B41-B40)*(G41+G40)/2*0.8 -> 13.76
B42: 90 | C42: 175.7 | E42: =E41+(B42-B41)*0.36/100 -> 174.184 | F42: 0.1 | G42: =(C42-E42)+F42 -> 1.616 | H42: =+(B42-B41)*(G42+G41)/2*0.8 -> 13.232
B43: 100 | C43: 175.74 | E43: =E42+(B43-B42)*0.36/100 -> 174.22 | F43: 0.1 | G43: =(C43-E43)+F43 -> 1.62 | H43: =+(B43-B42)*(G43+G42)/2*0.8 -> 12.944
A44: 2 | B44: 103.97 | C44: 175.75 | E44: =E43+(B44-B43)*0.36/100 -> 174.23429 | F44: 0.1 | G44: =(C44-E44)+F44 -> 1.615708 | H44: =+(B44-B43)*(G44+G43)/2*0.8 -> 5.1383043
G45: V, EXCV | H45: =SUM(H34:H44) -> 135.5383 | I45: =+J33 -> 70.117699
G46: V. RELLENO | H46: =+H45-2.46 -> 133.0783 | I46: =+I45-0.109*16 -> 68.373699
A47: TRMO 4 | B47: TRAMO CALLE 28 ENTRE CARRERAS 165 Y CANAL P=0.21% D=8" | H47: 10 DOMCLRIAS | I47: ACOMETIDAS
A48: N° POZO | B48: ABSCISADO | C48: Cota Terreno | D48: Cota Clave | E48: Cota Batea | F48: COLCHON | G48: CORTE | H48: VOLUMEN | I48: CORTE PROMEDIO | J48: VOLUMEN PROMEDIO | K48: entibado
A49: 5 | B49: 0 | C49: 174.9 | E49: 173.98 | F49: 0.1 | G49: =(C49-E49)+F49 -> 1.02 | I49: =+AVERAGE(G49:G60) -> 2.1812279 | J49: =+(I49+0.8)/2*0.6*6*10 -> 53.662103 | K49: =+(B59-B57)*2*AVERAGE(G56:G59) -> 170.36
B50: 10 | C50: 174.97 | E50: =E49+(B50-B49)*0.21/100 -> 174.001 | F50: 0.1 | G50: =(C50-E50)+F50 -> 1.069 | H50: =+(B50-B49)*(G50+G49)/2*0.8 -> 8.356
B51: 20 | C51: 175.01 | E51: =E50+(B51-B50)*0.21/100 -> 174.022 | F51: 0.1 | G51: =(C51-E51)+F51 -> 1.088 | H51: =+(B51-B50)*(G51+G50)/2*0.8 -> 8.628
B52: 30 | C52: 175 | E52: =E51+(B52-B51)*0.21/100 -> 174.043 | F52: 0.1 | G52: =(C52-E52)+F52 -> 1.057 | H52: =+(B52-B51)*(G52+G51)/2*0.8 -> 8.58
B53: 40 | C53: 175.12 | E53: =E52+(B53-B52)*0.21/100 -> 174.064 | F53: 0.1 | G53: =(C53-E53)+F53 -> 1.156 | H53: =+(B53-B52)*(G53+G52)/2*0.8 -> 8.852
B54: 50 | C54: 175.16 | E54: =E53+(B54-B53)*0.21/100 -> 174.085 | F54: 0.1 | G54: =(C54-E54)+F54 -> 1.175 | H54: =+(B54-B53)*(G54+G53)/2*0.8 -> 9.324
B55: 60 | C55: 175.19 | E55: =E54+(B55-B54)*0.21/100 -> 174.106 | F55: 0.1 | G55: =(C55-E55)+F55 -> 1.184 | H55: =+(B55-B54)*(G55+G54)/2*0.8 -> 9.436
B56: 70 | C56: 175.24 | E56: =E55+(B56-B55)*0.21/100 -> 174.127 | F56: 0.1 | G56: =(C56-E56)+F56 -> 1.213 | H56: =+(B56-B55)*(G56+G55)/2*0.8 -> 9.588
B57: 80 | C57: 176.28 | E57: =E56+(B57-B56)*0.21/100 -> 174.148 | F57: 1.1 | G57: =(C57-E57)+F57 -> 3.232 | H57: =+(B57-B56)*(G57+G56)/2*0.8 -> 17.78
B58: 90 | C58: 177.33 | E58: =E57+(B58-B57)*0.21/100 -> 174.169 | F58: 2.1 | G58: =(C58-E58)+F58 -> 5.261 | H58: =+(B58-B57)*(G58+G57)/2*0.8 -> 33.972
B59: 100 | C59: 178.42 | E59: =E58+(B59-B58)*0.21/100 -> 174.19 | F59: 3.1 | G59: =(C59-E59)+F59 -> 7.33 | H59: =+(B59-B58)*(G59+G58)/2*0.8 -> 50.364
A60: 6 | B60: 109.65 | C60: 175.5 | E60: =E59+(B60-B59)*0.21/100 -> 174.21026 | F60: 0.1 | G60: =(C60-E60)+F60 -> 1.389735 | H60: =+(B60-B56)*(G60+G56)/2*0.8 -> 41.279377
G61: V, EXCV | H61: =SUM(H50:H60) -> 206.15938 | I61: =+J49 -> 53.662103
G62: V. RELLENO | H62: =+H61-2.46 -> 203.69938 | I62: =+I61-0.109*10 -> 52.572103
A63: TRMO 5 | B63: TRAMO CALLE 28 ENTRE CARRERAS 15A Y 16 P=0.21% D=8" | H63: 7 DOMCLRIAS | I63: ACOMETIDAS
A64: N° POZO | B64: ABSCISADO | C64: Cota Terreno | D64: Cota Clave | E64: Cota Batea | F64: COLCHON | G64: CORTE | H64: VOLUMEN | I64: CORTE PROMEDIO | J64: VOLUMEN PROMEDIO | K64: entibado
A65: 4 | B65: 0 | C65: 174.75 | E65: 173.84 | F65: 0.1 | G65: =(C65-E65)+F65 -> 1.01 | I65: =+AVERAGE(G65:G72) -> 1.3751471 | J65: =+(I65+0.8)/2*0.6*6*7 -> 27.406854 | K65: =+(B71-B69)*2*AVERAGE(G69:G71) -> 81
B66: 10 | C66: 174.74 | E66: =E65+(B66-B65)*0.21/100 -> 173.861 | F66: 0.1 | G66: =(C66-E66)+F66 -> 0.979 | H66: =+(B66-B65)*(G66+G65)/2*0.8 -> 7.956
B67: 20 | C67: 174.74 | E67: =E66+(B67-B66)*0.21/100 -> 173.882 | F67: 0.1 | G67: =(C67-E67)+F67 -> 0.958 | H67: =+(B67-B66)*(G67+G66)/2*0.8 -> 7.748
B68: 30 | C68: 174.76 | E68: =E67+(B68-B67)*0.21/100 -> 173.903 | F68: 0.1 | G68: =(C68-E68)+F68 -> 0.957 | H68: =+(B68-B67)*(G68+G67)/2*0.8 -> 7.66
B69: 40 | C69: 174.79 | E69: =E68+(B69-B68)*0.21/100 -> 173.924 | F69: 0.1 | G69: =(C69-E69)+F69 -> 0.966 | H69: =+(B69-B68)*(G69+G68)/2*0.8 -> 7.692
B70: 50 | C70: 174.9 | E70: =E69+(B70-B69)*0.21/100 -> 173.945 | F70: 1.1 | G70: =(C70-E70)+F70 -> 2.055 | H70: =+(B70-B69)*(G70+G69)/2*0.8 -> 12.084
B71: 60 | C71: 174.92 | E71: =E70+(B71-B70)*0.21/100 -> 173.966 | F71: 2.1 | G71: =(C71-E71)+F71 -> 3.054 | H71: =+(B71-B70)*(G71+G70)/2*0.8 -> 20.436
A72: 5 | B72: 65.63 | C72: 174.9 | E72: =E71+(B72-B71)*0.21/100 -> 173.97782 | F72: 0.1 | G72: =(C72-E72)+F72 -> 1.022177 | H72: =+(B72-B69)*(G72+G69)/2*0.8 -> 20.382791
G73: V, EXCV | H73: =SUM(H66:H72) -> 83.958791 | I73: =+J65 -> 27.406854
G74: V. RELLENO | H74: =+H73-2.46 -> 81.498791 | I74: =+I73-0.109*7 -> 26.643854
A75: TRMO 6 | B75: TRAMO CALLE 28 ENTRE CARRERAS 15 Y 15A P=0.21% D=8" | H75: 14 DOMCLRIAS | I75: ACOMETIDAS
A76: N° POZO | B76: ABSCISADO | C76: Cota Terreno | D76: Cota Clave | E76: Cota Batea | F76: COLCHON | G76: CORTE | H76: VOLUMEN | I76: CORTE PROMEDIO | J76: VOLUMEN PROMEDIO
A77: 693 | B77: 0 | C77: 174.9 | E77: 173.62 | F77: 0.1 | G77: =(C77-E77)+F77 -> 1.38 | I77: =+AVERAGE(G77:G88) -> 1.2529905 | J77: =+(I77+0.8)/2*0.6*6*14 -> 51.735361
B78: 10 | C78: 174.9 | E78: =E77+(B78-B77)*0.21/100 -> 173.641 | F78: 0.1 | G78: =(C78-E78)+F78 -> 1.359 | H78: =+(B78-B77)*(G78+G77)/2*0.8 -> 10.956
B79: 20 | C79: 174.9 | E79: =E78+(B79-B78)*0.21/100 -> 173.662 | F79: 0.1 | G79: =(C79-E79)+F79 -> 1.338 | H79: =+(B79-B78)*(G79+G78)/2*0.8 -> 10.788
B80: 30 | C80: 174.9 | E80: =E79+(B80-B79)*0.21/100 -> 173.683 | F80: 0.1 | G80: =(C80-E80)+F80 -> 1.317 | H80: =+(B80-B79)*(G80+G79)/2*0.8 -> 10.62
B81: 40 | C81: 174.9 | E81: =E80+(B81-B80)*0.21/100 -> 173.704 | F81: 0.1 | G81: =(C81-E81)+F81 -> 1.296 | H81: =+(B81-B80)*(G81+G80)/2*0.8 -> 10.452
B82: 50 | C82: 174.9 | E82: =E81+(B82-B81)*0.21/100 -> 173.725 | F82: 0.1 | G82: =(C82-E82)+F82 -> 1.275 | H82: =+(B82-B81)*(G82+G81)/2*0.8 -> 10.284
B83: 60 | C83: 174.9 | E83: =E82+(B83-B82)*0.21/100 -> 173.746 | F83: 0.1 | G83: =(C83-E83)+F83 -> 1.254 | H83: =+(B83-B82)*(G83+G82)/2*0.8 -> 10.116
B84: 70 | C84: 174.9 | E84: =E83+(B84-B83)*0.21/100 -> 173.767 | F84: 0.1 | G84: =(C84-E84)+F84 -> 1.233 | H84: =+(B84-B83)*(G84+G83)/2*0.8 -> 9.948
B85: 80 | C85: 174.9 | E85: =E84+(B85-B84)*0.21/100 -> 173.788 | F85: 0.1 | G85: =(C85-E85)+F85 -> 1.212 | H85: =+(B85-B84)*(G85+G84)/2*0.8 -> 9.78
B86: 90 | C86: 174.9 | E86: =E85+(B86-B85)*0.21/100 -> 173.809 | F86: 0.1 | G86: =(C86-E86)+F86 -> 1.191 | H86: =+(B86-B85)*(G86+G85)/2*0.8 -> 9.612
B87: 100 | C87: 174.9 | E87: =E86+(B87-B86)*0.21/100 -> 173.83 | F87: 0.1 | G87: =(C87-E87)+F87 -> 1.17 | H87: =+(B87-B86)*(G87+G86)/2*0.8 -> 9.444
A88: 4 | B88: 104.34 | C88: 174.75 | E88: =E87+(B88-B87)*0.21/100 -> 173.83911 | F88: 0.1 | G88: =(C88-E88)+F88 -> 1.010886 | H88: =+(B88-B84)*(G88+G84)/2*0.8 -> 30.822018
G89: V, EXCV | H89: =SUM(H78:H88) -> 132.82202 | I89: =+J77 -> 51.735361
G90: V. RELLENO | H90: =+H89-2.46 -> 130.36202 | I90: =+I89-0.109*14 -> 50.209361
A91: TRMO 7 | B91: TRAMO CALLE 27 ENTRE CARRERAS 15 Y CANAL P=0.53% D=8" | H91: 3 DOMCLRIAS | I91: ACOMETIDAS
A92: N° POZO | B92: ABSCISADO | C92: Cota Terreno | D92: Cota Clave | E92: Cota Batea | F92: COLCHON | G92: CORTE | H92: VOLUMEN | I92: CORTE PROMEDIO | J92: VOLUMEN PROMEDIO
A93: 7 | B93: 0 | C93: 174.94 | E93: 173.34 | F93: 0.1 | G93: =(C93-E93)+F93 -> 1.7 | I93: =+AVERAGE(G93:G97) -> 1.6870782 | J93: =+(I93+0.8)/2*0.6*6*3 -> 13.430222
B94: 10 | C94: 174.72 | E94: =E93-(B94-B93)*0.53/100 -> 173.287 | F94: 0.1 | G94: =(C94-E94)+F94 -> 1.533 | H94: =+(B94-B93)*(G94+G93)/2*0.8 -> 12.932
B95: 20 | C95: 174.85 | E95: =E94-(B95-B94)*0.53/100 -> 173.234 | F95: 0.1 | G95: =(C95-E95)+F95 -> 1.716 | H95: =+(B95-B94)*(G95+G94)/2*0.8 -> 12.996
B96: 30 | C96: 174.92 | E96: =E95-(B96-B95)*0.53/100 -> 173.181 | F96: 0.1 | G96: =(C96-E96)+F96 -> 1.839 | H96: =+(B96-B95)*(G96+G95)/2*0.8 -> 14.22
A97: 692 | B97: 33.47 | C97: 174.71 | E97: =E96-(B97-B96)*0.53/100 -> 173.16261 | F97: 0.1 | G97: =(C97-E97)+F97 -> 1.647391 | H97: =+(B97-B96)*(G97+G96)/2*0.8 -> 4.8391107
G98: V, EXCV | H98: =SUM(H94:H97) -> 44.987111 | I98: =+J93 -> 13.430222
G99: V. RELLENO | H99: =+H98-2.46 -> 42.527111 | I99: =+I98-0.109*3 -> 13.103222
A100: TRMO 8 | B100: TRAMO CARRERA 15A ENTRE CALLES 29 Y 28 P=0.76% D=8" | H100: 5 DOMCLRIAS | I100: ACOMETIDAS
...

Sheet apus
B2: ANALISIS DE PRECIOS UNITARIOS
B5: Item: | C5: 1.1
B6: Actividad: | C6: Localización y Replanteo topográfico
B7: Unidad: | C7: ml
B9: Materiales
B10: Descripcion | C10: Unidad | D10: Cant | E10: Rend | F10: Precio x Unidad | G10: Valor Parcial
B11: Estaca de madera | C11: und | D11: 0.08 | E11: 1 | F11: 2500 | G11: =D11*E11*F11 -> 200
B12: Puntillas 2" | C12: lb | D12: 0.13 | E12: 1 | F12: 4800 | G12: =D12*E12*F12 -> 624
B13: Nylon | C13: m | D13: 0.224 | E13: 1 | F13: 400 | G13: =D13*E13*F13 -> 89.6
B14: Cal | C14: kg | D14: 0.265 | E14: 1 | F14: 2000 | G14: =D14*E14*F14 -> 530
G19: =D19*E19*F19 -> 0
B20: sub total | G20: =SUM(G11:G19) -> 1443.6
B21: Mano de obra
B22: Descripcion | C22: Unidad | D22: Cant | E22: Rend | F22: Salario | G22: Valor Parcial
B23: Cuadrilla topografica (1 top + 2 cad) | C23: hh | D23: 1 | E23: 0.14 | F23: 32800 | G23: =D23*E23*F23 -> 4592
G26: =D26*E26*F26 -> 0
B27: sub total | G27: =SUM(G23:G26) -> 4592
B28: Equipo
B29: Descripcion | C29: Unidad | D29: Cant | E29: Rend | F29: Tarifa | G29: Valor Parcial
B30: Herramienta meno (5% m.o) | C30: glb | D30: 1 | E30: 0.05 | F30: =G27 -> 4592 | G30: =D30*E30*F30 -> 229.6
B31: Equipo topografico | C31: hh | D31: 1 | E31: 0.14 | F31: 6250 | G31: =D31*E31*F31 -> 875
G34: =D34*E34*F34 -> 0
B35: sub total | G35: =SUM(G30:G34) -> 1104.6
B36: Transporte
B37: Descripcion | C37: Unidad | D37: Cant | E37: Rend | F37: Tarifa | G37: Valor Parcial
G38: =D38*E38*F38 -> 0
B39: sub total | G39: =SUM(G38) -> 0
D41: PRECIO TOTAL DE ITEM CON AIU 30% | G41: =ROUND(G20+G27+G35+G39,0) -> 7140
B53: ANALISIS DE PRECIOS UNITARIOS
B56: Item: | C56: 1.2.1
B57: Actividad: | C57: Excavación a màquina en material heterogéneo seco a cualquer profundidad.
B58: Unidad: | C58: m3
B60: Materiales
B61: Descripcion | C61: Unidad | D61: Cant | E61: Rend | F61: Precio x Unidad | G61: Valor Parcial
G62: =D62*E62*F62 -> 0
G63: =D63*E63*F63 -> 0
G64: =D64*E64*F64 -> 0 | K64: p
G65: =D65*E65*F65 -> 0
B66: sub total | G66: =SUM(G62:G65) -> 0
B67: Mano de obra
B68: Descripcion | C68: Unidad | D68: Cant | E68: Rend | F68: Salario | G68: Valor Parcial
B69: Operador de maquina | C69: hh | D69: 1 | E69: 0.25 | F69: 25000 | G69: =D69*E69*F69 -> 6250
B70: Ayudante de limpieza | C70: hh | D70: 1 | E70: 0.21 | F70: 8500 | G70: =D70*E70*F70 -> 1785
G71: =D71*E71*F71 -> 0
B72: sub total | G72: =SUM(G69:G71) -> 8035
B73: Equipo
B74: Descripcion | C74: Unidad | D74: Cant | E74: Rend | F74: Tarifa | G74: Valor Parcial
B75: Herramienta meno (5% m.o) | C75: glb | D75: 1 | E75: 0.05 | F75: =G72 -> 8035 | G75: =D75*E75*F75 -> 401.75
B76: Excavadora tipo pajarita | C76: hh | D76: 1 | E76: 0.25 | F76: 220000 | G76: =D76*E76*F76 -> 55000
G77: =D77*E77*F77 -> 0
B78: sub total | G78: =SUM(G75:G77) -> 55401.75
B79: Transporte
B80: Descripcion | C80: Unidad | D80: Cant | E80: Rend | F80: Tarifa | G80: Valor Parcial
G81: =D81*E81*F81 -> 0
B82: sub total | G82: =SUM(G81) -> 0
D84: PRECIO TOTAL DE ITEM CON AIU 30% | G84: =ROUND(G66+G72+G78+G82,0) -> 63437
B95: ANALISIS DE PRECIOS UNITARIOS
B98: Item: | C98: 1.2.2
B99: Actividad: | C99: Entibado temporal en tablón de madera para excavaciones bajo cualquier altura y grado de humedad. Incluye suministro, transporte y colocación de elementos en madera.
B100: Unidad: | C100: m2
B102: Materiales
B103: Descripcion | C103: Unidad | D103: Cant | E103: Rend | F103: Precio x Unidad | G103: Valor Parcial
B104: Tablon de madera 10"x3m | C104: und | D104: 0.35 | E104: 1 | F104: 42000 | G104: =D104*E104*F104 -> 14700
B105: Parales 3"x3"x3m | C105: und | D105: 0.2 | E105: 1 | F105: 30000 | G105: =D105*E105*F105 -> 6000
B106: Codales | C106: und | D106: 0.15 | E106: 1 | F106: 18000 | G106: =D106*E106*F106 -> 2700
B107: Puntilla de acero 4" | C107: lb | D107: 0.1177 | E107: 1 | F107: 12500 | G107: =D107*E107*F107 -> 1471.25
G108: =D108*E108*F108 -> 0
G109: =D109*E109*F109 -> 0
G110: =D110*E110*F110 -> 0
G111: =D111*E111*F111 -> 0
B112: sub total | G112: =SUM(G104:G111) -> 24871.25
B113: Mano de obra
B114: Descripcion | C114: Unidad | D114: Cant | E114: Rend | F114: Salario | G114: Valor Parcial
B115: Ayudante | C115: hh | D115: 2 | E115: 0.7 | F115: 9000 | G115: =D115*E115*F115 -> 12600
B116: Oficial | C116: hh | D116: 1 | E116: 0.7 | F116: 11500 | G116: =D116*E116*F116 -> 8050
G117: =D117*E117*F117 -> 0
B118: sub total | G118: =SUM(G115:G117) -> 20650
B119: Equipo
B120: Descripcion | C120: Unidad | D120: Cant | E120: Rend | F120: Tarifa | G120: Valor Parcial
B121: Herramienta meno (5% m.o) | C121: glb | D121: 1 | E121: 0.05 | F121: =G118 -> 20650 | G121: =D121*E121*F121 -> 1032.5
G122: =D122*E122*F122 -> 0
G123: =D123*E123*F123 -> 0
B124: sub total | G124: =SUM(G121:G123) -> 1032.5
B125: Transporte
B126: Descripcion | C126: Unidad | D126: Cant | E126: Rend | F126: Tarifa | G126: Valor Parcial
G127: =D127*E127*F127 -> 0
B128: sub total | G128: =SUM(G127) -> 0
D130: PRECIO TOTAL DE ITEM CON AIU 30% | G130: =ROUND(G112+G118+G124+G128,0) -> 46554
B140: ANALISIS DE PRECIOS UNITARIOS
B143: Item: | C143: 1.2.3
B144: Actividad: | C144: Relleno con Arena Gruesa para colchon de tuberia
B145: Unidad: | C145: m3
B147: Materiales
B148: Descripcion | C148: Unidad | D148: Cant | E148: Rend | F148: Precio x Unidad | G148: Valor Parcial
B149: Arena gruesa lavada puesta en obra | C149: m3 | D149: 1.3 | E149: 1 | F149: 85000 | G149: =D149*E149*F149 -> 110500
B150: Agua para humectacion | C150: m3 | D150: 0.1 | E150: 1 | F150: 15000 | G150: =D150*E150*F150 -> 1500
G151: =D151*E151*F151 -> 0
G152: =D152*E152*F152 -> 0
G153: =D153*E153*F153 -> 0
G154: =D154*E154*F154 -> 0
...

Sheet memorias
B2: MEMORIAS DE CANTIDADES
B5: Item: | C5: 1.1
B6: Descripcion: | C6: Localización y Replanteo topográfico
B7: Unidad: | C7: ml
B9: Ubicación | D9: Tramo | E9: Largo | H9: Cant Elem | I9: Cant Parcial
B10: Calle 30 entre carreras 15 y 15a | D10: Pozo 702 a MH 1 | E10: 71.15 | H10: 1 | I10: =E10*H10 -> 71.15
B11: Calle 29 entre carreras 15 y 16 | D11: Pozo 706 a MH 2 | E11: 103.97 | H11: 1 | I11: =E11*H11 -> 103.97
B12: Calle 29 entre carreras 15 y 16 | D12: MH 2 a MH 3 | E12: 65.66 | H12: 1 | I12: =E12*H12 -> 65.66
B13: Calle 28 entre carrera 15 y canal | D13: Pozo 693 a MH 4 | E13: 104.35 | H13: 1 | I13: =E13*H13 -> 104.35
B14: Calle 28 entre carrera 15 y canal | D14: MH 4 a MH 5 | E14: 65.63 | H14: 1 | I14: =E14*H14 -> 65.63
B15: Calle 28 entre carrera 15 y canal | D15: MH 5 a MH 6 | E15: 109.65 | H15: 1 | I15: =E15*H15 -> 109.65
B16: Calle 27 entre carrera 15 y canal | D16: Pozo 692 a MH 7 | E16: 33.48 | H16: 1 | I16: =E16*H16 -> 33.48
B17: Carrera 15a entre calles 28 y 29 | D17: MH 2 a MH 4 | E17: 52.25 | H17: 1 | I17: =E17*H17 -> 52.25
B18: Carrera 16 entre calles 28 y 29 | D18: MH 3 a MH 5 | E18: 46.56 | H18: 1 | I18: =E18*H18 -> 46.56
B19: Acometidas domiciliarias | D19: Todos los tramos | E19: 6 | H19: 75 | I19: =E19*H19 -> 450
G20: Total Item | I20: =ROUND(SUM(I10:I19),2) -> 1102.7
B25: MEMORIAS DE CANTIDADES
B28: Item: | C28: 1.2.1
B29: Descripcion: | C29: Excavación a màquina en material heterogéneo seco a cualquer profundidad.
B30: Unidad: | C30: m3
B32: Ubicación | D32: Tramo | E32: Vol Exc | H32: Cant Elem | I32: Cant Parcial
B33: Calle 30 entre carreras 15 y 15a | D33: Pozo 702 a MH 1 | E33: 114.25972 | H33: 1 | I33: =E33*H33 -> 114.25972
B34: Calle 29 entre carreras 15 y 16 | D34: Pozo 706 a MH 2 | E34: 135.5383 | H34: 1 | I34: =E34*H34 -> 135.5383
B35: Calle 29 entre carreras 15 y 16 | D35: MH 2 a MH 3 | E35: 72.715101 | H35: 1 | I35: =E35*H35 -> 72.715101
B36: Calle 28 entre carrera 15 y canal | D36: Pozo 693 a MH 4 | E36: 132.82202 | H36: 1 | I36: =E36*H36 -> 132.82202
B37: Calle 28 entre carrera 15 y canal | D37: MH 4 a MH 5 | E37: 83.958791 | H37: 1 | I37: =E37*H37 -> 83.958791
B38: Calle 28 entre carrera 15 y canal | D38: MH 5 a MH 6 | E38: 206.15938 | H38: 1 | I38: =E38*H38 -> 206.15938
B39: Calle 27 entre carrera 15 y canal | D39: Pozo 692 a MH 7 | E39: 42.527111 | H39: 1 | I39: =E39*H39 -> 42.527111
B40: Carrera 15a entre calles 28 y 29 | D40: MH 2 a MH 4 | E40: 60.509814 | H40: 1 | I40: =E40*H40 -> 60.509814
B41: Carrera 16 entre calles 28 y 29 | D41: MH 3 a MH 5 | E41: 32.627928 | H41: 1 | I41: =E41*H41 -> 32.627928
B42: Acometidas domiciliarias | D42: Todos los tramos | E42: 324.45651 | H42: 1 | I42: =E42*H42 -> 324.45651
G43: Total Item | I43: =ROUND(SUM(I33:I42),2) -> 1205.57
B48: MEMORIAS DE CANTIDADES
B51: Item: | C51: 1.2.2
B52: Descripcion: | C52: Entibado temporal en tablón de madera para excavaciones bajo cualquier altura y grado de humedad. Incluye suministro, transporte y colocación de elementos en madera.
B53: Unidad: | C53: m2
B55: Ubicación | D55: Tramo | E55: Area Ent | F55: Ancho | G55: Alto | H55: Cant Elem | I55: Cant Parcial
B56: Calle 30 entre carreras 15 y 15a | D56: Pozo 702 a MH 1 | E56: 174.0598 | H56: 1 | I56: =E56*H56 -> 174.0598
B57: Calle 28 entre carrera 15 y canal | D57: MH 5 a MH 6 | E57: 170.36 | H57: 1 | I57: =E57*H57 -> 170.36
B58: Calle 28 entre carrera 15 y canal | D58: MH 4 a MH 5 | E58: 81 | H58: 1 | I58: =E58*H58 -> 81
G66: Total Item | I66: =ROUND(SUM(I56:I65),2) -> 425.42
B71: MEMORIAS DE CANTIDADES
B74: Item: | C74: 1.2.3
B75: Descripcion: | C75: Relleno con Arena Gruesa para colchon de tuberia
B76: Unidad: | C76: m3
B78: Ubicación | D78: Tramo | E78: Largo | F78: Ancho | G78: Alto | H78: Cant Elem | I78: Cant Parcial
B79: Calle 30 entre carreras 15 y 15a | D79: Pozo 702 a MH 1 | E79: 71.15 | F79: 0.8 | G79: 0.1 | H79: 1 | I79: =E79*F79*G79*H79 -> 5.692
B80: Calle 29 entre carreras 15 y 16 | D80: Pozo 706 a MH 2 | E80: 103.97 | F80: 0.8 | G80: 0.1 | H80: 1 | I80: =E80*F80*G80*H80 -> 8.3176
B81: Calle 29 entre carreras 15 y 16 | D81: MH 2 a MH 3 | E81: 65.66 | F81: 0.8 | G81: 0.1 | H81: 1 | I81: =E81*F81*G81*H81 -> 5.2528
B82: Calle 28 entre carrera 15 y canal | D82: Pozo 693 a MH 4 | E82: 104.35 | F82: 0.8 | G82: 0.1 | H82: 1 | I82: =E82*F82*G82*H82 -> 8.348
B83: Calle 28 entre carrera 15 y canal | D83: MH 4 a MH 5 | E83: 65.63 | F83: 0.8 | G83: 0.1 | H83: 1 | I83: =E83*F83*G83*H83 -> 5.2504
B84: Calle 28 entre carrera 15 y canal | D84: MH 5 a MH 6 | E84: 109.65 | F84: 0.8 | G84: 0.1 | H84: 1 | I84: =E84*F84*G84*H84 -> 8.772
B85: Calle 27 entre carrera 15 y canal | D85: Pozo 692 a MH 7 | E85: 33.48 | F85: 0.8 | G85: 0.1 | H85: 1 | I85: =E85*F85*G85*H85 -> 2.6784
B86: Carrera 15a entre calles 28 y 29 | D86: MH 2 a MH 4 | E86: 52.25 | F86: 0.8 | G86: 0.1 | H86: 1 | I86: =E86*F86*G86*H86 -> 4.18
B87: Carrera 16 entre calles 28 y 29 | D87: MH 3 a MH 5 | E87: 46.56 | F87: 0.8 | G87: 0.1 | H87: 1 | I87: =E87*F87*G87*H87 -> 3.7248
B88: Acometidas domiciliarias | D88: Todos los tramos | E88: 6 | F88: 0.6 | G88: 0.1 | H88: 75 | I88: =E88*F88*G88*H88 -> 27
G89: Total Item | I89: =ROUND(SUM(I79:I88),2) -> 79.22
B94: MEMORIAS DE CANTIDADES
B97: Item: | C97: 1.2.4
B98: Descripcion: | C98: Llenos en material proveniente de la excavación, compactados mecánicamente hasta obtener una densidad igual o mayor del 90% de la densidad obtenida en el ensayo del próctor Modificado.
B99: Unidad: | C99: m3
B101: Ubicación | D101: Tramo | E101: Vol Exc | F101: % Util | H101: Cant Elem | I101: Cant Parcial
B102: Calle 30 entre carreras 15 y 15a | D102: Pozo 702 a MH 1 | E102: 111.79972 | F102: 0.8 | H102: 1 | I102: =E102*F102*H102 -> 89.439773
B103: Calle 29 entre carreras 15 y 16 | D103: Pozo 706 a MH 2 | E103: 133.0783 | F103: 0.8 | H103: 1 | I103: =E103*F103*H103 -> 106.46264
B104: Calle 29 entre carreras 15 y 16 | D104: MH 2 a MH 3 | E104: 70.255101 | F104: 0.8 | H104: 1 | I104: =E104*F104*H104 -> 56.204081
B105: Calle 28 entre carrera 15 y canal | D105: Pozo 693 a MH 4 | E105: 130.36202 | F105: 0.8 | H105: 1 | I105: =E105*F105*H105 -> 104.28961
B106: Calle 28 entre carrera 15 y canal | D106: MH 4 a MH 5 | E106: 81.498791 | F106: 0.8 | H106: 1 | I106: =E106*F106*H106 -> 65.199032
B107: Calle 28 entre carrera 15 y canal | D107: MH 5 a MH 6 | E107: 203.69938 | F107: 0.8 | H107: 1 | I107: =E107*F107*H107 -> 162.9595
B108: Calle 27 entre carrera 15 y canal | D108: Pozo 692 a MH 7 | E108: 42.527111 | F108: 0.8 | H108: 1 | I108: =E108*F108*H108 -> 34.021689
B109: Carrera 15a entre calles 28 y 29 | D109: MH 2 a MH 4 | E109: 60.509814 | F109: 0.8 | H109: 1 | I109: =E109*F109*H109 -> 48.407851
B110: Carrera 16 entre calles 28 y 29 | D110: MH 3 a MH 5 | E110: 30.167928 | F110: 0.8 | H110: 1 | I110: =E110*F110*H110 -> 24.134342
B111: Acometidas domiciliarias | D111: Todos los tramos | E111: 316.28151 | F111: 0.8 | H111: 1 | I111: =E111*F111*H111 -> 253.02521
G112: Total Item | I112: =ROUND(SUM(I102:I111),2) -> 944.14
B117: MEMORIAS DE CANTIDADES
B120: Item: | C120: 1.2.5
B121: Descripcion: | C121: Llenos en material proveniente de cantera, compactados mecánicamente hasta obtener una densidad igual o mayor del 90% de la densidad obtenida en el ensayo del próctor Modificado.
B122: Unidad: | C122: m3
B124: Ubicación | D124: Tramo | E124: Vol Exc | F124: % Util | H124: Cant Elem | I124: Cant Parcial
B125: Calle 30 entre carreras 15 y 15a | D125: Pozo 702 a MH 1 | E125: 111.79972 | F125: 0.2 | H125: 1 | I125: =E125*F125*H125 -> 22.359943
B126: Calle 29 entre carreras 15 y 16 | D126: Pozo 706 a MH 2 | E126: 133.0783 | F126: 0.2 | H126: 1 | I126: =E126*F126*H126 -> 26.615661
B127: Calle 29 entre carreras 15 y 16 | D127: MH 2 a MH 3 | E127: 70.255101 | F127: 0.2 | H127: 1 | I127: =E127*F127*H127 -> 14.05102
B128: Calle 28 entre carrera 15 y canal | D128: Pozo 693 a MH 4 | E128: 130.36202 | F128: 0.2 | H128: 1 | I128: =E128*F128*H128 -> 26.072404
B129: Calle 28 entre carrera 15 y canal | D129: MH 4 a MH 5 | E129: 81.498791 | F129: 0.2 | H129: 1 | I129: =E129*F129*H129 -> 16.299758
B130: Calle 28 entre carrera 15 y canal | D130: MH 5 a MH 6 | E130: 203.69938 | F130: 0.2 | H130: 1 | I130: =E130*F130*H130 -> 40.739875
B131: Calle 27 entre carrera 15 y canal | D131: Pozo 692 a MH 7 | E131: 42.527111 | F131: 0.2 | H131: 1 | I131: =E131*F131*H131 -> 8.5054221
B132: Carrera 15a entre calles 28 y 29 | D132: MH 2 a MH 4 | E132: 60.509814 | F132: 0.2 | H132: 1 | I132: =E132*F132*H132 -> 12.101963
B133: Carrera 16 entre calles 28 y 29 | D133: MH 3 a MH 5 | E133: 30.167928 | F133: 0.2 | H133: 1 | I133: =E133*F133*H133 -> 6.0335856
B134: Acometidas domiciliarias | D134: Todos los tramos | E134: 316.28151 | F134: 0.2 | H134: 1 | I134: =E134*F134*H134 -> 63.256302
G135: Total Item | I135: =ROUND(SUM(I125:I134),2) -> 236.04
B140: MEMORIAS DE CANTIDADES
B143: Item: | C143: 1.2.6
B144: Descripcion: | C144: Cargue manual, retiro y disposición final de material sobrante a cualquier distancia, medido en sitio.
B145: Unidad: | C145: m3
B147: Ubicación | D147: Tramo | E147: Vol Exc | F147: Vol Rell | I147: Cant Parcial
B148: Calle 30 entre carreras 15 y 15a | D148: Pozo 702 a MH 1 | E148: 114.25972 | F148: 89.439773 | I148: =E148-F148 -> 24.819943
B149: Calle 29 entre carreras 15 y 16 | D149: Pozo 706 a MH 2 | E149: 135.5383 | F149: 106.46264 | I149: =E149-F149 -> 29.075661
B150: Calle 29 entre carreras 15 y 16 | D150: MH 2 a MH 3 | E150: 72.715101 | F150: 56.204081 | I150: =E150-F150 -> 16.51102
B151: Calle 28 entre carrera 15 y canal | D151: Pozo 693 a MH 4 | E151: 132.82202 | F151: 104.28961 | I151: =E151-F151 -> 28.532404
B152: Calle 28 entre carrera 15 y canal | D152: MH 4 a MH 5 | E152: 83.958791 | F152: 65.199032 | I152: =E152-F152 -> 18.759758
B153: Calle 28 entre carrera 15 y canal | D153: MH 5 a MH 6 | E153: 206.15938 | F153: 162.9595 | I153: =E153-F153 -> 43.199875
...
